 Dungeon Crawl Stone Soup version 0.29-a0-284-gf9362112df (webtiles) character file.

Game seed: 15401941059329444402

515 Terce the Covered (level 7, -2/60 HPs)
             Began as a Minotaur Fighter on Mar 18, 2022.
             Was a Follower of Cheibriados.
             Succumbed to Duvessa's poison
             ... on level 5 of the Dungeon.
             The game lasted 00:55:41 (2497 turns).

Terce the Covered (Minotaur Fighter)                Turns: 2497, Time: 00:55:41

Health: -2/60      AC: 11    Str: 24    XL:     7   Next: 0%
Magic:  3/6        EV:  8    Int:  7    God:    Cheibriados [*.....]
Gold:   126        SH:  5    Dex: 12    Spells: 6/6 levels left

rFire   . . .      SeeInvis .   v - +2 flail (holy)
rCold   . . .      Faith    .   c - +0 buckler
rNeg    . . .      Spirit   .   q - +1 chain mail
rPois   .          Reflect  .   (helmet restricted)
rElec   .          Harm     .   (no cloak)
rCorr   .          Rampage  .   (no gloves)
Will    .....                   (no boots)
Stlth   ..........              e - amulet of regeneration
HPRegen 1.00/turn               (no ring)
MPRegen 0.10/turn               (no ring)

@: lethally poisoned (-2 -> -21), very slow
A: horns 2, retaliatory headbutt
a: Renounce Religion, Bend Time


You were on level 5 of the Dungeon.
You worshipped Cheibriados.
Cheibriados was aware of your devotion.
You visited 2 branches of the dungeon, and saw 6 of its levels.

You collected 148 gold pieces.
You spent 22 gold pieces at shops.

Inventory:

Hand Weapons
 a - a +1 flail
 f - a +0 club
 h - a +0 whip
 k - a +0 short sword
 m - a +1 whip of electrocution
 n - a +0 dagger
 r - a +0 great sword
 s - a +1 dagger of venom
 v - a +2 flail of holy wrath (weapon)
 w - a +0 falchion
 y - a +0 halberd
 C - a +2 hand axe of holy wrath
Missiles
 d - 4 boomerangs
 i - 68 stones
 u - 2 javelins
 A - a throwing net
Armour
 b - a +0 scale mail
 c - a +0 buckler (worn)
 q - a +1 chain mail (worn)
 x - a +0 chain mail
 z - a +0 scale mail
Magical Staves
 l - a staff of poison
Jewellery
 e - an amulet of regeneration (around neck)
Scrolls
 t - 2 scrolls of identify
Potions
 j - a potion of invisibility {unknown}
 o - a potion of heal wounds {unknown}
 p - a potion of attraction {unknown}
 B - a potion of lignification
 D - 2 potions of berserk rage {unknown}


   Skills:
 + Level 4.9 Fighting
 + Level 5.9 Maces & Flails
 + Level 6.1 Armour
 + Level 2.0 Dodging
 + Level 0.5 Stealth
 + Level 4.2 Shields


You had 6 spell levels left.
You didn't know any spells.
Your spell library was empty.

Dungeon Overview and Level Annotations

Branches:
Dungeon (5/15)             Temple (1/1) D:4

Altars:
Ashenzari
Cheibriados
Dithmenos
Elyvilon
Fedhas
Kikubaaqudgha
Trog
Uskayaw
Vehumet
Wu Jian
Xom
Yredelemnul
Zin

Shops:
D:3 **(   D:4 *

Annotations:
D:5 Dowan, Duvessa


Innate Abilities, Weirdness & Mutations

You have a pair of horns on your head.
You reflexively headbutt those who attack you in melee.


Message History

You feel very sick.
Duvessa drinks a potion.
Duvessa is healed!
Dowan casts a spell at Duvessa.
Duvessa seems to speed up.
Okay, then.
Okay, then.
Activating: Bend Time (26% risk of failure)
Press: ? - help, Q - select action, (/) - cycle Dir - look around, f - activate Look: Duvessa, wielding a +1 short sword of venom and wearing a +0 leather armour (moderately wounded, fast)
The flow of time bends around you.
Cheibriados rebukes Duvessa.
Duvessa seems to slow down.
You feel very sick.
Duvessa hits you with a +1 short sword of venom.
You are more poisoned.
Dowan mumbles some strange words.
Dowan blinks!
You barely miss Duvessa.
Duvessa is moderately wounded.
You feel very sick. Duvessa hits you but does no damage.
You are more poisoned.
Duvessa completely misses you.
You are too injured to fight recklessly!
You sock Duvessa!
Duvessa is heavily wounded.
You feel very sick.
Duvessa hits you with a +1 short sword of venom!
* * * LOW HITPOINT WARNING * * *
You are more poisoned.
You completely miss Duvessa.
Duvessa is heavily wounded.
* * * LOW HITPOINT WARNING * * *
You feel extremely sick.
Duvessa says, "My weaknesses are his strengths!"
Duvessa hits you with a +1 short sword of venom.
* * * LOW HITPOINT WARNING * * *
You hit Duvessa but do no damage.
Duvessa is heavily wounded.
You die...

## ### ##### #.
##.###########...# #.
####.....e.e@.....#.#
#.
#..........######...#
#. #####....#####.#
##.## #####.
.........# #.# #.#
#..... .........# #.#
#.# #.#### #.###....#
#.# #####.### #.###.
. #....# #.#
#.......# #.##..
#.>..( ..# #.###.#.#
#.#... ....... ###
#.###.#.# #.#...


You could see Duvessa (fast, slow) and Dowan.

Vanquished Creatures
  An ice beast (D:5)
  A scorpion (D:5)
  2 hounds
  A gnoll shaman (D:5)
  4 orc wizards (D:4)
  6 gnolls
  5 adders (D:3)
  2 worms (D:2)
  A dart slug (D:1)
  18 orcs
  4 bats
  8 endoplasms
  2 giant cockroaches
  6 goblins
  3 hobgoblins
  3 jackals (D:1)
  7 kobolds
  A quokka (D:3)
  3 ball pythons
  5 frilled lizards
  4 rats
87 creatures vanquished.

Notes
Turn   | Place    | Note
-------+----------+-------------------------------------------
     0 | D:1      | Terce the Minotaur Fighter began the quest for the Orb.
     0 | D:1      | Reached XP level 1. HP: 19/19 MP: 0/0
   139 | D:1      | Reached XP level 2. HP: 27/27 MP: 1/1
   649 | D:2      | Reached skill level 4 in Armour
   680 | D:2      | Reached XP level 3. HP: 34/34 MP: 2/2
   778 | D:2      | Found a broken altar of Ashenzari.
  1149 | D:3      | Found Femmiur's Antique Weapon Boutique.
  1269 | D:3      | Reached XP level 4. HP: 41/41 MP: 3/3
  1460 | D:3      | Found Xifirph's General Store.
  1471 | D:3      | Found Wuehyosy's General Store.
  1500 | D:3      | Bought a scroll of identify for 22 gold pieces
  1748 | D:4      | Reached skill level 1 in Dodging
  1748 | D:4      | Reached XP level 5. HP: 44/47 MP: 4/4
  1787 | D:4      | Found Diramud's General Store.
  1886 | D:4      | Found a staircase to the Ecumenical Temple.
  1889 | D:4      | Reached skill level 5 in Armour
  1946 | Temple   | Entered the Ecumenical Temple
  2052 | Temple   | Became a worshipper of Cheibriados the Contemplative
  2199 | D:4      | Found a hide-covered altar of Uskayaw.
  2241 | D:4      | Reached XP level 6. HP: 46/53 MP: 5/5
  2329 | D:5      | Entered Level 5 of the Dungeon
  2371 | D:5      | Reached skill level 5 in Maces & Flails
  2384 | D:5      | Reached * piety under Cheibriados
  2463 | D:5      | Noticed Duvessa
  2463 | D:5      | Noticed Dowan
  2466 | D:5      | Noticed an ice beast
  2485 | D:5      | Killed an ice beast
  2486 | D:5      | Reached skill level 6 in Armour
  2486 | D:5      | Reached XP level 7. HP: 59/60 MP: 6/6
  2497 | D:5      | Succumbed to Duvessa's poison

Illustrated notes

Levels and vault maps discovered:
D:1:      sevenhm_arrival_forest_fort_small_3, layout_basic,
          hellmonk_ecumenical_altar_heavens_door
D:2:      minmay_recursive_quarters, layout_basic, basic_altar
D:3:      layout_basic, serial_glass, glass_columns_a, glass_columns_b,
          serial_shops, nicolae_shop_behind_doors, shop, nicolae_diamond_shop,
          shop, kennysheep_generic_room_15
D:4:      layout_loops_ring, makhleb_heckhound_becter,
          overflow_temple_1_default, minmay_temple_entry_ruins, serial_shops,
          shop, uniq_sigmund
D:5:      layout_loops_corners, serial_shops, shop, uniq_duvessa
Temple:   minmay_crystal_spiral_temple

Skill      XL: |  1  2  3  4  5  6 |
---------------+-------------------+-----
Fighting       | 4 |  4.9
Armour         | 4 5 6 |  6.1
Maces & Flails | 3 4 5 |  5.9
Shields        | 4 |  4.2
Dodging        | 1 2 |  2.0
Stealth        | |  0.5

Action                   |  1- 3 |  4- 6 |  7- 9 || total
-------------------------+-------+-------+-------++-------
Melee: Flail             |    31 |   101 |    10 ||   142
       Headbutt          |    11 |    18 |     1 ||    30
       Whip              |    47 |    27 |       ||    74
Throw: Stone             |     2 |     2 |       ||     4
Invok: Bend Time         |       |       |     1 ||     1
  Use: Scroll            |     2 |     4 |     1 ||     7
       Potion            |       |     2 |       ||     2
Armor: Scale mail        |    40 |     4 |       ||    44
       Chain mail        |       |    71 |     3 ||    74
Dodge: Dodged            |    34 |    56 |     2 ||    92
Block: Buckler           |     9 |    33 |     1 ||    43

Table legend: (Time is in decaauts)
 A = Elapsed time spent in this place.
 B = Non-inter-level travel time spent in this place.
 C = Inter-level travel time spent in this place.
 D = Time resting spent in this place.
 E = Time spent auto-exploring this place.
 F = Levels seen in this place.
 G = Mean time per level.
                   A        B        C        D        E       F      G
               +--------+--------+--------+--------+--------+-----+--------+
         Total |   2643 |   2620 |     23 |      0 |    202 |   6 |  440.5 |
       Dungeon |   2477 |   2454 |     23 |      0 |    202 |   5 |  495.4 |
        Temple |    166 |    166 |      0 |      0 |      0 |   1 |  166.0 |
               +--------+--------+--------+--------+--------+-----+--------+

Top non-repeatable levels by time:
     D:1: 607 daAuts
     D:3: 588 daAuts
     D:2: 539 daAuts
     D:4: 526 daAuts
     D:5: 216 daAuts
  Temple: 166 daAuts
